 Dungeon Crawl Stone Soup version 0.24.0-37-gcf1ca852f1 (webtiles) character file.

Game seed: 9710540946813770389, levelgen mode: deterministic

33 Descartes the Ducker (level 3, -3/17 HPs)
             Began as a Felid Monk on Dec 2, 2019.
             Slain by a quokka (5 damage)
             ... on level 2 of the Dungeon.
             The game lasted 00:01:50 (898 turns).

Descartes the Ducker (Felid Monk)                    Turns: 898, Time: 00:01:53

Health: -3/17      AC:  1    Str:  8    XL:     3   Next: 12%
Magic:  4/4        EV: 20    Int: 11    God:
Gold:   65         SH:  0    Dex: 18    Spells: 2/2 levels left
                                        Lives:  0   Deaths: 0

rFire    . . .     SeeInvis +     - Unarmed
rCold    . . .     Gourm    .   (shield unavailable)
rNeg     . . .     Faith    .   (armour unavailable)
rPois    .         Spirit   .   (helmet unavailable)
rElec    .         Reflect  .   (cloak unavailable)
rCorr    .         Harm     .   (gloves unavailable)
MR       .....                  (boots unavailable)
Stlth    +++.......             (no amulet)
HPRegen  0.05/turn              (no ring)
MPRegen  0.09/turn              (no ring)

@: lethally poisoned (-3 -> -7), quick
A: very small, no armour, no weapons or thrown items, stealth, claws 1, fangs 3,
see invisible, carnivore, speed 1, shaggy fur 1, slow metabolism 1, sharp paws
a: no special abilities


You were on level 2 of the Dungeon.
You were completely stuffed.

You visited 1 branch of the dungeon, and saw 2 of its levels.

You collected 65 gold pieces.

Inventory:

Missiles
 b - 30 arrows
Scrolls
 c - a scroll of fog {unknown}
 d - 4 scrolls of identify {unknown}
 g - a scroll of magic mapping {unknown}
Potions
 e - 2 potions of haste {unknown}
 h - a potion of berserk rage {unknown}
Comestibles
 a - 4 rations
 f - 7 chunks of flesh


   Skills:
 + Level 3.2 Fighting
 + Level 4.3 Dodging
 * Level 3.7 Stealth
 * Level 3.4 Unarmed Combat


You had 2 spell levels left.
You didn't know any spells.
Your spell library was empty.

Dungeon Overview and Level Annotations

Branches:
Dungeon (2/15)

Altars:


Innate Abilities, Weirdness & Mutations

You cannot wear armour.
You are incapable of wielding weapons or throwing items.
Your paws allow you to move quietly. (Stealth)
You have sharp claws.
You have razor-sharp teeth.
You have supernaturally acute eyesight. (SInv)
You are carnivorous and can eat meat at any time.
You cover ground quickly.
You are covered in fur. (AC +1)
You have a slow metabolism.
Your sharp claws are effective at attacking unaware monsters.


Message History

The adder is severely wounded.
The adder closely misses you.
You closely miss the adder.
The adder is severely wounded.
You feel sick. The adder completely misses you. The quokka closely misses you.
The adder misses you.
You scratch the adder.
You kill the adder!
You have reached level 3!
Your experience leads to an increase in your attributes!
Increase (S)trength, (I)ntelligence, or (D)exterity?
You feel stronger. The quokka completely misses you.
You closely miss the quokka. You claw the quokka.
The quokka is heavily wounded.
* * * LOW HITPOINT WARNING * * *
You feel sick. The quokka bites you.
* * * LOW HITPOINT WARNING * * *
The quokka bites you.
You die...

#.# #.####.##
#.####.##.. #.#
..#....##... #.# #
.#.....#.....####.#####
..............)........
%....#.#.############
...#.# ## ##.#.#######
#. #†@........# #.
.......r#.#####.# #.
##.###.##.# #.# #####.
#. #.# #.# #..... #.
#.#####.# #..... #.
#.......###..... #.
#######......... #.
#.###..... #.# ###.##


You could see a quokka.

Vanquished Creatures
  An adder (D:2)
  A dart slug (D:1)
  2 goblins (D:1)
  5 hobgoblins
  6 bats (D:1)
  A frilled lizard (D:1)
  5 kobolds (D:1)
21 creatures vanquished.

Notes
Turn   | Place    | Note
-------+----------+-------------------------------------------
     0 | D:1      | Descartes the Felid Monk began the quest for the Orb.
     0 | D:1      | Reached XP level 1. HP: 10/10 MP: 2/2
   120 | D:1      | Reached XP level 2. HP: 14/14 MP: 3/3
   897 | D:2      | Reached XP level 3. HP: 6/17 MP: 4/4
   898 | D:2      | Slain by a quokka

Levels and vault maps discovered:
D:1:      dpeg_arrival_pond, layout_loops_ring
D:2:      layout_loops_ring

Skill      XL: |  1 |
---------------+----+-----
Stealth        | 3 |  3.7
Fighting       | |  3.2
Dodging        | |  4.3
Unarmed Combat | |  3.4

Action                   || total
-------------------------++-------
Melee: Unarmed           ||    49
       Bite              ||     4
       Punch             ||     1
 Stab: Sleeping          ||     5
  Eat: Chunk             ||     7
Armor: Skin              ||     1
Dodge: Dodged            ||    48
